 Dungeon Crawl Stone Soup version 0.27-a0-1273-gec92ba881d (webtiles) character file.

Game seed: 10191691881464763546

188037 robertstho the Executioner (level 17, 0/163 HPs)
             Began as a Minotaur Berserker on June 11, 2021.
             Was a High Priest of Trog.
             Slain by a goliath frog (18 damage)
             ... called by a spriggan druid
             ... on level 1 of the Swamp.
             The game lasted 00:49:14 (32113 turns).

robertstho the Executioner (Minotaur Berserker)    Turns: 32113, Time: 00:49:16

Health: 0/163      AC: 26    Str: 26    XL:     17   Next: 46%
Magic:  3/16       EV:  8    Int:  7    God:    Trog [*****.]
Gold:   3043       SH:  0    Dex: 12    Spells: 16/16 levels left

rFire    + . .     SeeInvis +   X - +12 executioner's axe "robertstho's Foe" {holy, rElec Will+}
rCold    . . .     Faith    .   (shield currently unavailable)
rNeg     . . .     Spirit   .   I - +1 crystal plate armour
rPois    +         Reflect  .   u - +2 hat of the Sky {rElec}
rElec    +         Harm     .   F - scarf {repulsion}
rCorr    .         Rampage  .   E - +1 pair of gloves
Will     ++...                  (no boots)
Stlth    ..........             p - amulet of regeneration
HPRegen  1.37/turn              U - ring of poison resistance
MPRegen  0.15/turn              B - ring "Ceihimpu" {rF+ Int+2 SInv}

@: corroded, on berserk cooldown, slowed, repel missiles, very slow
A: horns 2, retaliatory headbutt
}: 1/15 runes: serpentine
a: Renounce Religion, Berserk, Trog's Hand, Brothers in Arms


You were on level 1 of the Swamp.
You worshipped Trog.
Trog was extremely pleased with you.
You visited 5 branches of the dungeon, and saw 26 of its levels.
You also visited: Sewer and Ossuary.

You collected 3214 gold pieces.
You spent 171 gold pieces at shops.

Inventory:

Hand Weapons
 r - a +0 war axe of flaming
 M - a +1 battleaxe of electrocution
 N - a +3 antimagic battleaxe
 W - the +5 executioner's axe "Xemimapa" {flame, rF- rN+++ Str-5 Dex+9}
   (Trog gifted it to you on level 6 of the Lair of Beasts)

   It has been specially enchanted to burn those struck by it, causing extra
   injury to most foes and up to half again as much damage against particularly
   susceptible opponents.
   Big, fiery blades are also staple armaments of hydra-hunters.
   It affects your strength (-5).
   It affects your dexterity (+9).
   It makes you vulnerable to fire.
   It renders you almost immune to negative energy.
 X - the +12 executioner's axe "robertstho's Foe" (weapon) {holy, rElec Will+}
   (You found it on level 1 of the Orcish Mines)

   It has been blessed by the Shining One to cause great damage to the undead
   and demons.
   It insulates you from electricity.
   It increases your willpower.
Missiles
 j - 2 curare-tipped darts
 Y - 5 boomerangs of dispersal
Armour
 u - the +2 hat of the Sky (worn) {rElec}
   (You acquired it on level 7 of the Dungeon)

   It insulates you from electricity.
 E - a +1 pair of gloves (worn)
 F - a scarf of repulsion (worn)
 G - a +0 plate armour of cold resistance
 I - a +1 crystal plate armour (worn)
Jewellery
 d - a ring of resist corrosion
 i - a ring of willpower
 k - a +4 ring of protection
 n - a ring of ice
 p - an amulet of regeneration (around neck)
 B - the ring "Ceihimpu" (right hand) {rF+ Int+2 SInv}
   (You found it on level 1 of the Swamp)

   [ring of see invisible]

   It affects your intelligence (+2).
   It protects you from fire.
   It lets you see invisible.
 U - a ring of poison resistance (left hand)
Wands
 o - a wand of mindburst (13)
 s - a wand of digging (10)
 O - a wand of acid (25)
 Q - a wand of iceblast (37)
Scrolls
 b - 4 scrolls of vulnerability {unknown}
 c - 5 scrolls of teleportation
 f - 4 scrolls of enchant weapon
 m - 5 scrolls of enchant armour {unknown}
 q - a scroll of brand weapon
 x - a scroll of summoning
 y - a scroll of fog
 D - 6 scrolls of magic mapping
 P - 2 scrolls of holy word
 S - 2 scrolls of immolation
 T - 3 scrolls of blinking
Potions
 e - 15 potions of curing
 g - 4 potions of attraction
 h - 4 potions of haste
 l - 7 potions of flight
 v - a potion of invisibility
 w - 2 potions of ambrosia
 z - a potion of mutation
 A - 3 potions of might
 J - 5 potions of cancellation
Miscellaneous
 a - a phantom mirror
 t - a condenser vane


   Skills:
 + Level 18.0 Fighting
 + Level 24.0 Axes
 + Level 17.4 Armour
 + Level 5.8 Dodging
 + Level 2.7 Stealth
 + Level 4.3 Shields
 + Level 0.1 Evocations


You had 16 spell levels left.
You didn't know any spells.
Your spell library was empty.

Dungeon Overview and Level Annotations

Branches:
Dungeon (13/15)            Temple (0/1) D:5            Lair (6/6) D:8
  Swamp (1/4) Lair:2        Snake (4/4) Lair:2        Slime (0/5) Lair:5
    Orc (2/2) D:12            Elf (0/3) Orc:2         Sewer (visited)
Ossuary (visited)
 Vaults: D:13-14

Altars:
Ashenzari
Gozag
Hepliaklqana
Makhleb
Jiyva

Shops:
Orc:1 [   Orc:2 (:[*   Snake:1 *

Annotations:
D:10 Harold
Swamp:1 karkarkar's ghost, adept MiBe
Snake:4 2 transporters, Strat's ghost, adept TeMo


Innate Abilities, Weirdness & Mutations

You have a pair of horns on your head.
You reflexively headbutt those who attack you in melee.


Message History

The goliath frog hits you from afar. The acid corrodes you!
You are splashed with acid!
Karkarkar's ghost hits you but does no damage.
You hit karkarkar's ghost but do no damage.
Your headbutt misses karkarkar's ghost.
Karkarkar's ghost is moderately damaged.
The spriggan rider hits you from afar with a +0 spear!
The goliath frog hits you but does no damage.
You chop karkarkar's ghost into pieces!!!
Karkarkar's ghost convulses!!!
Your headbutt misses karkarkar's ghost.
Karkarkar's ghost is severely damaged.
You are no longer berserk.
You are exhausted.
You feel yourself slow down. The goliath frog barely misses you.
Karkarkar's ghost hits you!!
You feel your power leaking away.
You closely miss karkarkar's ghost.
You headbutt karkarkar's ghost, but do no damage.
Karkarkar's ghost is severely damaged.
The goliath frog hits you but does no damage.
The goliath frog hits you from afar!
You are splashed with acid.
The spriggan rider hits you from afar with a +0 spear!!
Karkarkar's ghost hits you.
You feel your power leaking away. The goliath frog hits you from afar.
You are splashed with acid!
The goliath frog hits you but does no damage.
The spriggan rider hits you but does no damage.
Your stone giant goes berserk!
The goliath frog hits you from afar.
You are splashed with acid.
* * * LOW HITPOINT WARNING * * *
The goliath frog hits you from afar!
* * * LOW HITPOINT WARNING * * *
You are splashed with acid.
* * * LOW HITPOINT WARNING * * *
Karkarkar's ghost hits you!
* * * LOW HITPOINT WARNING * * *
You feel your power leaking away.
The spriggan rider hits you but does no damage.
The goliath frog hits you from afar!!
You die...

♣♣♣..(....♣≈≈♣..≈.≈≈.≈.≈
♣......≈♣♣.≈.>≈≈.§≈.≈≈≈
♣..≈≈....♣♣...≈≈.§≈≈.≈.
♣♣.≈.).≈≈.♣.♣≈≈≈..§≈≈≈≈
♣....))§≈♣♣.♣..≈.≈≈≈≈†≈
♣♣........♣....≈.≈≈≈§..
♣...[..C.)♣.>.♣.≈§≈≈≈≈
♣♣#⌠...⌠#♣♣≈}≈..(.(§.≈
♣=♣##@##♣.♣≈.≈≈...≈≈.♣
♣...)♣Wi♣.♣.≈........≈
♣♣...♣FF.♣♣.§≈....≈.≈≈
♣♣..!♣..♣♣......≈≈≈≈≈
}.♣....♣♣♣♣♣♣♣.≈.≈..
♣♣.....♣♣ ♣♣.♣♣♣.
♣♣♣♣♣♣♣ ♣♣♣ ♣♣ ♣


You could see a spriggan rider (strong), 2 goliath frogs, karkarkar's ghost
(ally target) and a friendly stone giant (summoned, berserk).

Vanquished Creatures
  Vashnia (Snake:2)
  A tentacled monstrosity (Swamp:1)
  Asterion (Snake:2)
  Rupert (Lair:3)
  Agnes (Snake:1)
  3 nagarajas
  2 orc warlords (Orc:1)
  A bunyip (Swamp:1)
  The ghost of hilljack the Geomancer, a journeyman GrEE of Vehumet (Lair:5)
  Snorg (D:11)
  An eleionoma (Swamp:1)
  A fire dragon (Lair:6)
  Josephine (D:11)
  Fannar (Lair:2)
  The ghost of freelancePsychic the Fighter, a journeyman DsWn of Vehumet (Orc:1)
  13 hydras
  8 naga warriors
  A catoblepas (Lair:2)
  2 salamander tyrants (Snake:4)
  3 boulder beetles
  16 anacondas
  A two-headed ogre (D:9)
  2 alligators
  A death yak (Lair:2)
  An orc high priest (Orc:2)
  5 spriggans (Swamp:1)
  12 naga sharpshooters
  9 shock serpents
  4 skeletal warriors (D:13)
  3 salamander mystics
  A goliath frog (Swamp:1)
  A spriggan druid (Swamp:1)
  4 bog bodies
  2 swamp dragons
  2 lindwurms (Lair:6)
  6 naga ritualists
  A wolf spider (Lair:6)
  Pikel (D:4)
  2 orc knights
  3 manticores
  6 mana vipers
  2 orc sorcerers (Orc:2)
  An ugly thing (D:13)
  A will-o-the-wisp (Swamp:1)
  An oklob plant (Lair:1)
  A cyclops (Orc:2)
  8 salamanders
  3 guardian serpents
  Maurice (D:11)
  44 black mambas
  17 naga magi
  4 elephants
  8 torpor snails
  12 cane toads
  2 gargoyles
  8 komodo dragons
  An efreet (D:10)
  An unseen horror (D:11)
  4 rime drakes
  2 tengu conjurers (D:13)
  7 tyrant leeches
  A merfolk (D:9)
  2 polar bears
  4 trolls
  15 hornets
  A slime creature (D:10)
  2 dream sheep (Lair:2)
  6 blink frogs
  A spectral black mamba (Lair:5)
  A redback (Lair:6)
  Sigmund (D:3)
  11 wyverns
  6 wraiths (D:11)
  48 yaks
  4 basilisks
  A spectral komodo dragon (Lair:5)
  A steam dragon (D:8)
  2 vampire mosquitoes (D:12)
  Menkaure (D:7)
  Edmund (D:5)
  6 swamp worms
  4 wargs
  39 nagas
  A hydra simulacrum (Lair:5)
  Duvessa (D:4)
  24 water moccasins
  2 ice beasts
  27 orc warriors
  2 sky beasts
  A black bear (Lair:1)
  A black mamba simulacrum (Lair:5)
  2 necrophages
  7 ogres
  15 wolves
  8 centaurs
  2 phantoms
  A lemure (D:4)
  3 kobold brigands
  15 bullfrogs
  Blork the orc (D:5)
  A wyvern zombie (D:8)
  A cane toad simulacrum (Lair:5)
  Dowan (D:4)
  2 water moccasin zombies
  A wyvern skeleton (D:6)
  3 water moccasin skeletons
  24 killer bees
  A howler monkey (D:7)
  6 wights (D:6)
  An electric eel (Lair:2)
  A torpor snail simulacrum (Lair:5)
  2 hounds
  6 centaur zombies
  3 jellies
  29 orc priests
  Jessica (D:2)
  A centaur skeleton (D:7)
  28 orc wizards
  Natasha (thrice) (D:4)
  An iguana (D:5)
  A hound zombie (D:5)
  2 mummies (Ossuary)
  2 hound skeletons
  3 howler monkey zombies
  6 gnolls
  16 adders
  A river rat (D:4)
  3 ufetubi
  7 adder zombies (Ossuary)
  An adder skeleton (D:4)
  3 worms
  94 orcs
  2 endoplasms (D:2)
  12 giant cockroaches
  7 goblins
  3 hobgoblins
  7 jackals (D:1)
  6 quokkas
  6 ball pythons
  4 bats
  7 frilled lizards
  4 gnoll zombies (Ossuary)
  8 hobgoblin zombies (Ossuary)
  17 kobolds
  2 kobold zombies (Ossuary)
  6 orc zombies (Ossuary)
  7 rats
  A plant (Lair:6)
881 creatures vanquished.

Vanquished Creatures (collateral kills)
  3 nagarajas (Snake:4)
  2 orc warlords (Orc:2)
  Nessos (Orc:2)
  A hydra (D:10)
  4 naga warriors
  4 naga sharpshooters
  2 orc high priests (Orc:2)
  A shock serpent (Snake:4)
  Urug (Lair:2)
  A skeletal warrior (D:13)
  A naga ritualist (Snake:4)
  2 orc knights (Orc:2)
  2 orc sorcerers (Orc:2)
  A guardian serpent (Snake:2)
  5 naga magi
  An unseen horror (D:10)
  4 wargs (Orc:1)
  10 nagas
  13 orc warriors
  2 ogres
  9 orc priests
  5 orc wizards (Orc:2)
  13 orcs
88 creatures vanquished.

Vanquished Creatures (others)
  A bloated husk (Swamp:1)
  2 foxfires (Swamp:1)
  46 fungi
  94 plants
  5 withered plants
148 creatures vanquished.

Grand Total: 1117 creatures vanquished

Notes
Turn   | Place    | Note
-------+----------+-------------------------------------------
     0 | D:1      | robertstho the Minotaur Berserker began the quest for the
                  | Orb.
     0 | D:1      | Reached XP level 1. HP: 19/19 MP: 0/0
   141 | D:1      | Reached XP level 2. HP: 18/27 MP: 1/1
   143 | D:1      | Reached skill level 4 in Axes
   913 | D:1      | Found a faded altar of an unknown god.
   917 | D:1      | Reached XP level 3. HP: 33/33 MP: 2/2
  1452 | D:2      | Noticed Jessica
  1459 | D:2      | Killed Jessica
  1499 | D:2      | Reached XP level 4. HP: 37/41 MP: 3/3
  1541 | D:2      | Reached ** piety under Trog
  2393 | D:3      | Noticed Sigmund
  2557 | D:4      | Noticed Dowan
  2559 | D:4      | Noticed Duvessa
  2567 | D:4      | Killed Duvessa
  2568 | D:4      | Reached skill level 5 in Fighting
  2568 | D:4      | Reached skill level 5 in Axes
  2568 | D:4      | Reached XP level 5. HP: 48/48 MP: 4/4
  2568 | D:4      | Killed Dowan
  2569 | D:4      | Reached XP level 6. HP: 56/56 MP: 5/5
  2647 | D:4      | Reached skill level 6 in Axes
  2814 | D:4      | Noticed Pikel
  2841 | D:4      | Killed Pikel
  2842 | D:4      | Reached skill level 7 in Axes
  2842 | D:4      | Reached skill level 5 in Armour
  2842 | D:4      | Reached skill level 1 in Stealth
  2842 | D:4      | Reached XP level 7. HP: 10/62 MP: 6/6
  2947 | D:4      | Found a glowing drain.
  2966 | Sewer    | Entered a sewer
  3076 | Sewer    | Reached *** piety under Trog
  3304 | Sewer    | Reached skill level 8 in Axes
  3304 | Sewer    | Reached XP level 8. HP: 21/70 MP: 7/7
  3850 | D:4      | You fall into a shaft and drop 2 floors!
  4859 | D:6      | Reached skill level 9 in Axes
  5499 | D:5      | Entered Level 5 of the Dungeon
  5620 | D:5      | Reached XP level 9. HP: 68/78 MP: 8/8
  5739 | D:5      | Found a staircase to the Ecumenical Temple.
  5792 | D:5      | Reached skill level 10 in Axes
  5794 | D:5      | Reached skill level 5 in Dodging
  5935 | D:5      | Found a burning altar of Makhleb.
  6075 | D:5      | Noticed Blork the orc
  6075 | D:5      | Noticed Edmund
  6089 | D:5      | Killed Blork the orc
  6093 | D:5      | Killed Edmund
  6094 | D:5      | Reached **** piety under Trog
  6645 | D:4      | Noticed Natasha
  6648 | D:4      | Killed Natasha
  7036 | D:4      | Noticed Natasha
  7044 | D:4      | Killed Natasha
  7094 | D:4      | Noticed Natasha
  7099 | D:4      | Killed Natasha
  7511 | D:3      | Killed Sigmund
  7512 | D:3      | Reached skill level 11 in Axes
  7932 | D:7      | Reached skill level 1 in Shields
  8087 | D:7      | Found a sand-covered staircase.
  8119 | Ossuary  | Entered an ossuary
  8286 | Ossuary  | Reached XP level 10. HP: 88/88 MP: 9/9
  8357 | Ossuary  | Reached ***** piety under Trog
  8508 | D:7      | Identified a scroll of acquirement
  8509 | D:7      | Acquired the +2 hat of the Sky {rElec}
  8918 | D:7      | Reached skill level 12 in Axes
  9168 | D:7      | Noticed Menkaure
  9175 | D:7      | Killed Menkaure
  9343 | D:8      | Noticed a gargoyle
  9352 | D:8      | Killed a gargoyle
  9456 | D:8      | Found a staircase to the Lair.
  9483 | D:8      | Reached skill level 13 in Axes
 10132 | D:9      | Reached skill level 10 in Armour
 10493 | D:9      | Noticed a two-headed ogre
 10500 | D:9      | Killed a two-headed ogre
 10653 | D:9      | Noticed a gargoyle
 10670 | D:9      | Killed a gargoyle
 10763 | D:9      | Reached XP level 11. HP: 92/95 MP: 10/10
 11229 | D:10     | Entered Level 10 of the Dungeon
 11319 | D:10     | Noticed a seven-headed hydra
 11319 | D:10     | Noticed an orc knight
 11332 | D:10     | Reached skill level 14 in Axes
 11333 | D:10     | Killed an eight-headed hydra
 11336 | D:10     | Received a gift from Trog
 11356 | D:10     | Killed an orc knight
 11467 | D:10     | Found a hazy altar of Hepliaklqana.
 11468 | D:10     | Found an opulent altar of Gozag.
 11469 | D:10     | Found a broken altar of Ashenzari.
 11542 | D:10     | Noticed Harold
 12225 | D:11     | Acquired a scarf of repulsion
 12244 | D:11     | Noticed Josephine
 12257 | D:11     | Killed Josephine
 12267 | D:11     | Reached skill level 10 in Fighting
 12270 | D:11     | Noticed Maurice
 12279 | D:11     | Killed Maurice
 12280 | D:11     | Reached skill level 15 in Axes
 12859 | Lair:1   | Entered Level 1 of the Lair of Beasts
 12859 | Lair:1   | Noticed a seven-headed hydra
 12864 | Lair:1   | Killed a four-headed hydra
 13106 | Lair:1   | Reached XP level 12. HP: 42/106 MP: 11/11
 13455 | Lair:1   | Noticed an eight-headed hydra
 13461 | Lair:1   | Killed a five-headed hydra
 13824 | Lair:1   | Reached skill level 16 in Axes
 14592 | Lair:2   | Noticed a six-headed hydra
 14601 | Lair:2   | Killed a two-headed hydra
 14836 | Lair:2   | Noticed a four-headed hydra
 14841 | Lair:2   | Killed a one-headed hydra
 15020 | Lair:2   | Noticed Fannar
 15022 | Lair:2   | Noticed Urug
 15030 | Lair:2   | Killed Fannar
 15032 | Lair:2   | Killed Urug
 15149 | Lair:2   | Reached skill level 17 in Axes
 15332 | Lair:2   | Noticed an eight-headed hydra
 15333 | Lair:2   | Noticed a death yak
 15336 | Lair:2   | Killed a five-headed hydra
 15337 | Lair:2   | Noticed a seven-headed hydra
 15342 | Lair:2   | Killed a death yak
 15343 | Lair:2   | Reached XP level 13. HP: 75/117 MP: 12/12
 15355 | Lair:2   | Reached ****** piety under Trog
 16001 | Lair:2   | Received a gift from Trog
 16157 | Lair:2   | Found a staircase to the Snake Pit.
 16816 | Lair:2   | Found a staircase to the Swamp.
 16938 | Lair:3   | Reached skill level 18 in Axes
 17341 | Lair:3   | Noticed Rupert
 17347 | Lair:3   | Killed Rupert
 19121 | Lair:5   | Found a runed translucent gate.
 19121 | Lair:5   | Found a runed translucent gate.
 19121 | Lair:5   | Found a runed translucent gate.
 19122 | Lair:5   | Noticed hilljack's ghost (journeyman GrEE)
 19129 | Lair:5   | Reached skill level 19 in Axes
 19321 | Lair:5   | Reached XP level 14. HP: 113/129 MP: 13/13
 19697 | Lair:5   | Found a viscous altar of Jiyva.
 19697 | Lair:5   | Found a staircase to the Slime Pits.
 20009 | Lair:5   | Killed hilljack's ghost
 20111 | Lair:6   | Entered Level 6 of the Lair of Beasts
 21162 | Lair:6   | Found a runed translucent door.
 21310 | Lair:6   | Paralysed by a hornet for 2 turns
 21324 | Lair:6   | Identified the +5 executioner's axe "Xemimapa" {flame, rF-
                  | rN+++ Str-5 Dex+9} (Trog gifted it to you on level 6 of the
                  | Lair of Beasts)
 21324 | Lair:6   | Received a gift from Trog
 23047 | D:12     | Reached skill level 20 in Axes
 23318 | D:11     | Found a faded altar of an unknown god.
 23318 | D:11     | Found a faded altar of an unknown god.
 23318 | D:11     | Found a faded altar of an unknown god.
 23318 | D:11     | Noticed Snorg
 23320 | D:11     | Found a hazy altar of Hepliaklqana.
 23331 | D:11     | Killed Snorg
 23339 | D:11     | Acquired a +1 crystal plate armour
 23953 | D:12     | Found a staircase to the Orcish Mines.
 24188 | D:13     | Reached skill level 15 in Armour
 25225 | Orc:1    | Entered Level 1 of the Orcish Mines
 25245 | Orc:1    | Noticed an orc warlord
 25261 | Orc:1    | Killed an orc warlord
 25276 | Orc:1    | Noticed an orc warlord
 25289 | Orc:1    | Reached skill level 15 in Fighting
 25296 | Orc:1    | Received a gift from Trog
 25297 | Orc:1    | Killed an orc warlord
 25298 | Orc:1    | Reached XP level 15. HP: 94/141 MP: 14/14
 25354 | Orc:1    | Found a runed translucent door.
 25355 | Orc:1    | Noticed freelancePsychic's ghost (journeyman DsWn)
 25534 | Orc:1    | Killed freelancePsychic's ghost
 25536 | Orc:1    | Identified the +12 executioner's axe "robertstho's Foe"
                  | {holy, rElec Will+}
 25715 | Orc:2    | Entered Level 2 of the Orcish Mines
 25744 | Orc:2    | Noticed Nessos
 25751 | Orc:2    | Killed Nessos
 25830 | Orc:2    | Found a staircase to the Elven Halls.
 26090 | Orc:2    | Noticed an orc warlord
 26100 | Orc:2    | Received a gift from Trog
 26106 | Orc:2    | Noticed an orc warlord
 26107 | Orc:2    | Killed an orc warlord
 26120 | Orc:2    | Killed an orc warlord
 26157 | Orc:2    | Received a gift from Trog
 26351 | Orc:2    | Found Rimem's General Store.
 26352 | Orc:2    | Found Fanaotit's Book Emporium.
 26354 | Orc:2    | Found Siall's Antique Armour Emporium.
 26354 | Orc:2    | Found Aneuffiz's Antique Weapon Shoppe.
 26370 | Orc:2    | Bought a scroll of amnesia for 45 gold pieces
 26758 | Orc:1    | Found Icu Lio's Antique Armour Emporium.
 27167 | Snake:1  | Entered Level 1 of the Snake Pit
 27191 | Snake:1  | Noticed Agnes
 27195 | Snake:1  | Reached skill level 21 in Axes
 27203 | Snake:1  | Killed Agnes
 27340 | Snake:1  | Found Eghat's General Store.
 27348 | Snake:1  | Bought a scroll of magic mapping for 42 gold pieces
 27348 | Snake:1  | Bought a scroll of identify for 24 gold pieces
 27348 | Snake:1  | Bought a potion of curing for 36 gold pieces
 27348 | Snake:1  | Bought a scroll of identify for 24 gold pieces
 27898 | Snake:2  | You fall into a shaft and drop 1 floor!
 28562 | Snake:2  | Received a gift from Trog
 28591 | Snake:2  | Noticed a nagaraja
 28612 | Snake:2  | Killed a nagaraja
 28635 | Snake:2  | Reached skill level 22 in Axes
 28639 | Snake:2  | Reached XP level 16. HP: 27/152 MP: 10/15
 28893 | Snake:2  | Noticed Asterion
 28903 | Snake:2  | Killed Asterion
 29112 | Snake:2  | Noticed Vashnia
 29148 | Snake:2  | Received a gift from Trog
 29564 | Snake:2  | Killed Vashnia
 29565 | Snake:2  | Reached skill level 23 in Axes
 30103 | Snake:4  | Entered Level 4 of the Snake Pit
 30336 | Snake:4  | Found a transporter.
 30338 | Snake:4  | Noticed Strat's ghost (adept TeMo)
 30355 | Snake:4  | Found a transporter.
 30775 | Snake:4  | Reached XP level 17. HP: 144/162 MP: 16/16
 31202 | Snake:4  | Got a serpentine rune of Zot
 31474 | Swamp:1  | Entered Level 1 of the Swamp
 31606 | Swamp:1  | Identified the ring "Ceihimpu" {rF+ Int+2 SInv}
 31790 | Swamp:1  | Found a runed translucent door.
 31791 | Swamp:1  | Noticed karkarkar's ghost (adept MiBe)
 31791 | Swamp:1  | Noticed a tentacled monstrosity
 31795 | Swamp:1  | Identified the +4 trident "Narear" {vorpal, rElec rF++ rC+
                  | Dex-3}
 31945 | Swamp:1  | Reached skill level 24 in Axes
 32102 | Swamp:1  | Killed a tentacled monstrosity
 32113 | Swamp:1  | Slain by a goliath frog

Illustrated notes

Levels and vault maps discovered:
D:1:      dpeg_arrival_rooms_with_view, layout_loops_ring,
          ebering_ecumenical_altar_rust, minmay_tetromino_o2
D:2:      layout_basic, uniq_jessica
D:3:      layout_loops_ring, mrwooster_statue_mirror, uniq_sigmund
D:4:      layout_loops_ring, serial_glass, glass_columns_a, glass_columns_b,
          portal_sewer_entry_a, uniq_natasha, uniq_duvessa, uniq_pikel
D:5:      minmay_recursive_quarters, layout_basic, makhleb_heckhound_becter,
          minmay_temple_entry_junction, uniq_blork_the_orc, uniq_edmund
D:6:      layout_layer_cave
D:7:      layout_gridville, nicolae_ossuary_entry_monument, lightli_orcish_oven,
          uniq_menkaure
D:8:      layout_cave_pools, erik_lair_orcish_takeover
D:9:      layout_roguey, serial_glass, glass_columns_a, glass_columns_b,
          glass_columns_a, glass_columns_a, glass_columns_b, glass_columns_a,
          glass_columns_b, glass_columns_c, glass_columns_a, glass_columns_a,
          glass_columns_a, glass_columns_a, glass_columns_b, glass_columns_c,
          hangedman_fish_farm
D:10:     minmay_bloctagon_deflated, layout_basic, nicolae_ashenzari_skybound,
          chequers_temple_overflow_statue_of_worship, uniq_harold
D:11:     layout_long_grid, nicolae_hepliaklqana_ecumenical_no_more,
          uniq_josephine, uniq_maurice, uniq_snorg
D:12:     layout_roguey, hiddenorc1_lemuel
D:13:     layout_basic
Lair:1:   layout_concentric_octagons, beast_lair_carwin_6, lemuel_fruit_tree,
          grunt_megastairs_2, infiniplex_staircase_pool_2,
          minmay_lair_oklob_chamber, serial_bayou_shore_b
Lair:2:   nzn_winding_woodlands_cross [nzn_winding_woodlands_5x15_split_checker,
          nzn_winding_woodlands_5x15_longhouse,
          nzn_winding_woodlands_5x15_zeroes, nzn_winding_woodlands_5x15_garden,
          nzn_winding_woodlands_15x15_killbox], layout_regular_city,
          nicolae_swamp_entry_splash_gauntlet, guppyfry_snake_entry_island,
          beast_lair_carwin_8, uniq_urug, uniq_fannar
Lair:3:   layout_gridlike, grunt_megastairs_1, uniq_rupert
Lair:4:   layout_hall_layers
Lair:5:   layout_regular_city, dpeg_slime_entry_enclosed_altar,
          gammafunk_ghost_necromancy, grunt_megastairs_4
Lair:6:   wormcave, layout_regular_city, hangedman_lair_tendril_chambers,
          serial_bayou_shore_a
Swamp:1:  layout_falls_marsh, ebering_ghost_funeral_grove,
          evilmike_swamp_ruin_rubble_1
Snake:1:  layout_rooms, minmay_shop_star, uniq_agnes
Snake:2:  kennysheep_snake, layout_basic, uniq_vashnia, uniq_asterion
Snake:3:  layout_gridlike, grunt_megastairs_5
Snake:4:  minmay_snake_end_coiled, layout_basic,
          gammafunk_ghost_berserking_beasts
Orc:1:    layout_diamond_mine, gammafunk_ghost_grave, serial_shops, shop
Orc:2:    st_orc_congregation, layout_diamond_mine, uniq_nessos

Skill      XL: |  1  2  3  4  5  6  7  8  9 10 11 12 13 14 15 16 17 |
---------------+----------------------------------------------------+-----
Fighting       | 4 5 6 7 8 10 11 13 15 16 17 18 | 18.0
Axes           | 4 5 7 8 9 11 13 15 17 19 20 22 23 24 | 24.0
Armour         | 3 5 6 8 9 10 12 13 14 15 16 17 | 17.4
Dodging        | 3 4 5 |  5.8
Stealth        | 1 2 |  2.7
Shields        | 1 2 4 |  4.3
Evocations     | |  0.1

Action                   |  1- 3 |  4- 6 |  7- 9 | 10-12 | 13-15 | 16-18 || total
-------------------------+-------+-------+-------+-------+-------+-------++-------
Melee: Hand axe          |    59 |    99 |   181 |       |       |       ||   339
       Headbutt          |     7 |    19 |    67 |   121 |   181 |    80 ||   475
       War axe           |       |       |   122 |   204 |       |       ||   326
       Battleaxe         |       |       |       |   233 |   608 |       ||   841
       Executioner's axe |       |       |       |       |   247 |   398 ||   645
Invok: Berserk           |     2 |     4 |    10 |     9 |    15 |     7 ||    47
       Trog's Hand       |       |       |     3 |       |     2 |     4 ||     9
       Brothers in Arms  |       |       |       |     2 |     6 |     8 ||    16
Evoke: Wand              |       |       |       |       |     2 |       ||     2
       Phantom mirror    |       |       |       |       |     1 |     1 ||     2
       Condenser vane    |       |       |       |       |       |     1 ||     1
  Use: Scroll            |       |     7 |     2 |     6 |    10 |     6 ||    31
       Potion            |       |       |     1 |     1 |     1 |     1 ||     4
 Stab: Distracted        |       |       |       |       |       |     2 ||     2
Armor: Animal skin       |    11 |       |       |       |       |       ||    11
       Ring mail         |     6 |    10 |       |       |       |       ||    16
       Scale mail        |       |    15 |    39 |       |       |       ||    54
       Chain mail        |       |       |    44 |       |       |       ||    44
       Plate armour      |       |       |    61 |   245 |   272 |       ||   578
       Crystal plate arm |       |       |       |       |   284 |   332 ||   616
Dodge: Dodged            |    41 |    34 |   164 |   229 |   391 |   175 ||  1034
       Repelled          |       |       |       |     1 |    10 |    31 ||    42
Block: Buckler           |       |       |    28 |    40 |       |       ||    68

Table legend: (Time is in decaauts)
 A = Elapsed time spent in this place.
 B = Non-inter-level travel time spent in this place.
 C = Inter-level travel time spent in this place.
 D = Time resting spent in this place.
 E = Time spent auto-exploring this place.
 F = Levels seen in this place.
 G = Mean time per level.
                   A        B        C        D        E       F      G
               +--------+--------+--------+--------+--------+-----+--------+
         Total |  32492 |  30216 |   2276 |   2393 |  23030 |  28 | 1160.4 |
       Dungeon |  14934 |  13705 |   1229 |    874 |  10864 |  13 | 1148.8 |
          Lair |   9575 |   8994 |    581 |    962 |   7068 |   6 | 1595.8 |
         Swamp |    596 |    596 |      0 |      0 |    472 |   1 |  596.0 |
     Snake Pit |   4317 |   4016 |    301 |    333 |   2637 |   4 | 1079.2 |
  Orcish Mines |   1752 |   1588 |    164 |    135 |   1045 |   2 |  876.0 |
         Sewer |    925 |    925 |      0 |     88 |    633 |   1 |  925.0 |
       Ossuary |    390 |    390 |      0 |      0 |    309 |   1 |  390.0 |
               +--------+--------+--------+--------+--------+-----+--------+

Top non-repeatable levels by time:
  Lair:2: 2488 daAuts
  Lair:6: 2454 daAuts
     D:6: 1705 daAuts
 Snake:2: 1571 daAuts
  Lair:1: 1531 daAuts
     D:2: 1312 daAuts
  Lair:5: 1283 daAuts
     D:9: 1216 daAuts
     D:8: 1204 daAuts
  Lair:3: 1202 daAuts
     D:5: 1202 daAuts
 Snake:4: 1177 daAuts
     D:7: 1170 daAuts
    D:13: 1163 daAuts
    D:10: 1098 daAuts
